 Dungeon Crawl Stone Soup version 0.26-a0-812-g31a745ddcd (webtiles) character file.

Game seed: 15115418693493946609

40 mhoghedin the Slasher (level 3, -2/33 HPs)
             Began as a Palentonga Abyssal Knight on Nov 17, 2020.
             Was a Believer of Lugonu.
             Slain by a centaur zombie (5 damage)
             ... in an ossuary.
             The game lasted 00:02:06 (1212 turns).

mhoghedin the Slasher (Palentonga Abyssal Knight)   Turns: 1212, Time: 00:02:06

Health: -2/33      AC:  4    Str: 15    XL:     3   Next: 30%
Magic:  2/4        EV:  9    Int: 12    God:    Lugonu [**....]
Gold:   127        SH:  0    Dex: 10    Spells: 2/2 levels left

rFire    . . .     SeeInvis +   a - +1 falchion
rCold    . . .     Faith    .   (no shield)
rNeg     . . .     Spirit   .   b - +0 leather armour
rPois    .         Reflect  .   (no helmet)
rElec    .         Harm     .   (no cloak)
rCorr    .         Rampage  .   (no gloves)
MR       .....                  (no barding)
Stlth    +.........             (no amulet)
HPRegen  0.11/turn              (no ring)
MPRegen  0.09/turn              (no ring)

@: no status effects
A: large, rugged brown scales 3, see invisible, deformed body, roll, armoured
tail
a: Rolling Charge, Depart the Abyss, Bend Space, Renounce Religion


You were in an ossuary.
You worshipped Lugonu.
Lugonu was pleased with you.
You visited 1 branch of the dungeon, and saw 3 of its levels.
You visited the Abyss 1 time.
You also visited: Ossuary.

You collected 127 gold pieces.

Inventory:

Hand Weapons
 a - a +1 falchion (weapon)
Armour
 b - a +0 leather armour (worn)
Scrolls
 e - a scroll of amnesia {unknown}
 g - a scroll of remove curse {unknown}
 h - a scroll of enchant armour {unknown}
Potions
 c - a potion of resistance {unknown}
 d - a potion of curing
 f - a potion of cancellation {unknown}
 i - a potion of attraction {unknown}


   Skills:
 - Level 3.0 Fighting
 + Level 3.5 Long Blades
 - Level 1.6 Armour
 - Level 0.9 Dodging
 - Level 2.1 Invocations


You had 2 spell levels left.
You didn't know any spells.
Your spell library was empty.

Dungeon Overview and Level Annotations

Branches:
Dungeon (4/15)            Ossuary (1/1)
 Temple: D:4-7

Altars:
Elyvilon


Innate Abilities, Weirdness & Mutations

You are completely covered in rugged brown scales. (AC +3, +7% HP)
You have supernaturally acute eyesight. (SInv)
Armour fits poorly on your strangely shaped body.
You can roll at foes to attack.
You have a long armoured tail.


Message History

As you read the scroll labelled JUTRAH XUOFA, it crumbles to dust.
You feel strangely unstable.
It was a scroll of teleportation.
Your surroundings suddenly seem different.
A leopard gecko comes into view.
You hit the leopard gecko.
You kill the leopard gecko!
Lugonu accepts your kill.
No target in view!
Found a stone staircase leading up.
You now have 88 gold pieces (gained 11).
You now have 92 gold pieces (gained 4).
Found a white marble altar of Elyvilon.
No target in view!
No target in view!
No target in view!
No target in view!
No target in view!
A kobold comes into view.
A kobold is nearby!
The kobold shouts!
The kobold throws a stone.
The stone hits you but does no damage.
You see here a stone.
The kobold throws a stone.
The stone hits you but does no damage.
You see here a stone.
You hit the kobold but do no damage. The kobold hits you.
You take 2 damage, and have 31/33 hp.
You closely miss the kobold.
Your tail-slap misses the kobold.
The kobold hits you but does no damage.
You closely miss the kobold. The kobold barely misses you.
You barely miss the kobold.
You tail-slap the kobold, but do no damage.
The kobold hits you but does no damage.
You hit the kobold but do no damage.
Your tail-slap misses the kobold.
The kobold closely misses you.
You riposte.
You hit the kobold. You hit the kobold.
The kobold drinks a potion.
The kobold is healed!
You closely miss the kobold. The kobold hits you but does no damage.
You closely miss the kobold. The kobold hits you. The kobold barely misses you.
You take 1 damage, and have 31/33 hp.
You closely miss the kobold. The kobold hits you but does no damage.
You hit the kobold but do no damage.
Your tail-slap misses the kobold.
The kobold barely misses you.
You riposte.
You hit the kobold. You closely miss the kobold. The kobold hits you.
You take 2 damage, and have 29/33 hp.
You slash the kobold!
You kill the kobold!
Lugonu accepts your kill.
No target in view!
You fall into a shaft and drop 2 floors!
The shaft crumbles and collapses.
You hear the hiss of flowing sand.
There is an entrance to an ossuary on this level.
Hurry and find it before the portal is buried!
Health restored: 33
Found a stone staircase leading up.
c - a bubbling ruby potion You now have 100 gold pieces (gained 8).
You see here 23 stones.
You hear the slow hiss of a distant avalanche of sand.
h - a scroll labelled SAOQIOBLAA You see here a quarterstaff.
You now have 112 gold pieces (gained 12).
You now have 127 gold pieces (gained 15).
Found a sand-covered staircase.
A giant cockroach comes into view.
A worm comes into view.
You see here a blue potion.
You see here a blue potion.
i - a blue potion You hit the giant cockroach.
The giant cockroach bites you but does no damage.
You hit the giant cockroach.
You kill the giant cockroach!
Lugonu accepts your kill.
A frilled lizard comes into view.
The frilled lizard hisses angrily.
There is a sand-covered staircase here.
The world spins around you as you enter the gateway.
You enter an ossuary! 3 mummies and 2 zombies come into view.
Found a gate leading back out of this place.
There is an empty arch of ancient stone here.
You hit the mummy. You hit the mummy. The mummy hits you but does no damage.
The mummy closely misses you.
You barely miss the mummy. The mummy hits you! The mummy hits you.
The mummy hits you!
* * * LOW HITPOINT WARNING * * *
You take 26 damage, and have 7/33 hp.
MASSIVE DAMAGE!!
Space bends around you!
You blink.
You take 2 damage, and have 5/33 hp.
You now have 3/4 mp.
You fail to use your ability.
Unknown command.
Space bends around you!
You blink.
The centaur zombie hits you.
You die...

#
###########.#
##M.Z@........
#§M.Z......^..
#.M...∩.∩....^
#..........^^.
##...........^
###########.#
#


You could see 3 mummies and 2 centaur zombies.

Vanquished Creatures
  2 dart slugs
  A leopard gecko (D:2)
  A ball python (D:1)
  2 giant cockroaches
  A goblin (D:1)
  6 hobgoblins (D:1)
  3 jackals (D:1)
  A quokka (D:2)
  5 bats
  6 kobolds
  3 rats (D:1)
31 creatures vanquished.

Vanquished Creatures (others)
  A hobgoblin (D:2)
  A bat (D:2)
2 creatures vanquished.

Grand Total: 33 creatures vanquished

Notes
Turn   | Place    | Note
-------+----------+-------------------------------------------
     0 | Abyss:1  | mhoghedin the Palentonga Abyssal Knight began the quest for
                  | the Orb.
     0 | Abyss:1  | Reached XP level 1. HP: 20/20 MP: 2/2
    13 | D:1      | Escaped the Abyss
   104 | D:1      | Reached XP level 2. HP: 23/27 MP: 3/3
   411 | D:1      | Reached skill level 3 in Long Blades
   429 | D:1      | Reached ** piety under Lugonu
   700 | D:1      | Reached XP level 3. HP: 33/33 MP: 4/4
  1071 | D:2      | Found a white marble altar of Elyvilon.
  1117 | D:2      | You fall into a shaft and drop 2 floors!
  1186 | D:4      | Found a sand-covered staircase.
  1204 | Ossuary  | Entered an ossuary
  1209 | Ossuary  | HP: 7/33 [mummy (11)]
  1212 | Ossuary  | Slain by a centaur zombie

Illustrated notes

Levels and vault maps discovered:
D:1:      dpeg_arrival_simpleton_a, layout_loops_ring, minmay_quantized
D:2:      layout_rooms, elyvilon_altar_4, hex_medium
D:4:      layout_rooms, lemuel_round_altar, nicolae_ossuary_entry_ruins,
          serial_shops, shop_statue
Ossuary:  ossuary_the_hunt_dpeg

Skill      XL: |  1  2 |
---------------+-------+-----
Long Blades    | 3 |  3.5
Fighting       | |  3.0
Armour         | |  1.6
Dodging        | |  0.9
Invocations    | |  2.1

Action                   || total
-------------------------++-------
Melee: Falchion          ||    90
       Tailslap          ||     4
Invok: Bend Space        ||     2
  Use: Scroll            ||     2
Armor: Leather armour    ||    40
Dodge: Dodged            ||    44
       Rpst.: Falchion   ||    16

Table legend: (Time is in decaauts)
 A = Elapsed time spent in this place.
 B = Non-inter-level travel time spent in this place.
 C = Inter-level travel time spent in this place.
 D = Time resting spent in this place.
 E = Time spent auto-exploring this place.
 F = Levels seen in this place.
 G = Mean time per level.
                   A        B        C        D        E       F      G
               +--------+--------+--------+--------+--------+-----+--------+
         Total |   1224 |   1213 |     11 |    107 |    867 |   5 |  244.8 |
       Dungeon |   1203 |   1192 |     11 |    107 |    867 |   3 |  401.0 |
         Abyss |     13 |     13 |      0 |      0 |      0 |   1 |   13.0 |
       Ossuary |      8 |      8 |      0 |      0 |      0 |   1 |    8.0 |
               +--------+--------+--------+--------+--------+-----+--------+

Top non-repeatable levels by time:
     D:1: 856 daAuts
     D:2: 260 daAuts
     D:4: 86 daAuts
 Abyss:1: 13 daAuts
 Ossuary: 8 daAuts

Table legend:
 A = Kills in this place as a percentage of kills in entire the game.
 B = Kills by you in this place as a percentage of kills by you in the entire game.
 C = Kills by friends in this place as a percentage of kills by friends in the entire game.
 D = Other kills in this place as a percentage of other kills in the entire game.
 E = Experience gained in this place as a percentage of experience gained in the entire game.
 F = Experience gained in this place divided by the number of levels of this place that you have seen.
                   A       B       C       D       E      F
               +-------+-------+-------+-------+-------+----------------------
         Total | 100.0 | 100.0 |   N/A | 100.0 | 100.0 |  11.6
       Dungeon | 100.0 | 100.0 |   N/A | 100.0 | 100.0 |  19.3
               +-------+-------+-------+-------+-------+----------------------
